 Dungeon Crawl Stone Soup version 0.25.0-9-g26727b657a (webtiles) character file.

Game seed: 7035163788262810488

114 mopl the Poker (level 4, -4/33 HPs)
             Began as a Merfolk Skald on June 16, 2020.
             Slain by an adder (5 damage)
             ... on level 3 of the Dungeon.
             The game lasted 00:02:40 (2312 turns).

mopl the Poker (Merfolk Skald)                      Turns: 2312, Time: 00:02:40

Health: -4/33      AC:  3    Str: 12    XL:     4   Next: 98%
Magic:  7/7        EV: 11    Int: 12    God:
Gold:   137        SH:  3    Dex: 13    Spells: 6/7 levels left

rFire    . . .     SeeInvis .   a - +0 spear
rCold    . . .     Gourm    .   k - +0 buckler
rNeg     . . .     Faith    .   b - +0 leather armour
rPois    .         Spirit   .   (no helmet)
rElec    .         Reflect  .   (no cloak)
rCorr    .         Harm     .   (no gloves)
MR       .....                  (no boots)
Stlth    +.........             (no amulet)
HPRegen  0.11/turn              (no ring)
MPRegen  0.10/turn              (no ring)

@: lethally poisoned (-4 -> -10)
A: change form in water, swift swim, stealthy swim
a: no special abilities


You were on level 3 of the Dungeon.
You were not hungry.

You visited 1 branch of the dungeon, and saw 3 of its levels.

You collected 137 gold pieces.

Inventory:

Hand Weapons
 a - a +0 spear (weapon)
Missiles
 q - 8 javelins (quivered)
Armour
 b - a +0 leather armour (worn)
 k - a +0 buckler (worn)
Wands
 s - a wand of polymorph (8)
Scrolls
 e - a scroll of immolation {unknown}
 f - a scroll of noise {unknown}
 m - a scroll of magic mapping {unknown}
 n - a scroll of blinking {unknown}
 o - 2 scrolls of remove curse {unknown}
 p - a scroll of fear {unknown}
Potions
 c - a potion of haste {unknown}
 g - 3 potions of mutation {unknown}
 h - a potion of might
 i - a potion of flight {unknown}
 j - 3 potions of curing {unknown}
 l - a potion of brilliance
Comestibles
 d - 7 rations
 r - 9 chunks of flesh


   Skills:
 - Level 2.1 Fighting
 + Level 7.2 Polearms
 - Level 0.6 Armour
 - Level 2.6 Dodging
 - Level 2.0 Spellcasting
 - Level 3.2 Charms


You had 6 spell levels left.
You knew the following spells:

 Your Spells              Type           Power        Failure   Level  Hunger
a - Infusion              Chrm           #...         16%         1    ##.....

Your spell library contained the following spells:

 Spells                   Type           Power        Failure   Level  Hunger
 Song of Slaying          Chrm           #.......     24%         2    ###....
 Shroud of Golubria       Chrm/Tloc      #.....       43%         2    ###....
 Ozocubu's Armour         Chrm/Ice       #.......     67%         3    ####...
 Spectral Weapon          Hex/Chrm       #.......     67%         3    ####...


Dungeon Overview and Level Annotations

Branches:
Dungeon (3/15)

Altars:


Message History

You hit the adder.
The adder is heavily wounded.
You feel sick. You block the adder's attack. The adder bites you.
You miss the adder.
The adder is heavily wounded.
The adder bites you but does no damage.
You hit the adder.
The adder is severely wounded.
You feel sick.
You closely miss the adder.
The adder is severely wounded.
The adder bites you.
* * * LOW HITPOINT WARNING * * *
The adder bites you.
* * * LOW HITPOINT WARNING * * *
You barely miss the adder.
The adder is severely wounded.
* * * LOW HITPOINT WARNING * * *
You feel sick. The adder bites you.
You die...

##..##....#######
+#####..#### #
##'#..## #####
##)...# ....#
+....# #..##
##..## .### ##'##
## ##..## # ###
#@...# #.#
#S....# ###.##
..##..## ##...##
+... #### ...#..#
#.. ##....# ##?
###.#.# # ###.#.#
#########
....#(###........


You could see an adder.

Vanquished Creatures
  Jessica (D:3)
  2 adders (D:3)
  2 worms (D:2)
  3 dart slugs
  2 ball pythons (D:1)
  2 giant cockroaches
  12 goblins
  7 hobgoblins
  A quokka (D:2)
  9 bats
  11 kobolds
  A leopard gecko skeleton (D:3)
  7 rats
60 creatures vanquished.

Notes
Turn   | Place    | Note
-------+----------+-------------------------------------------
     0 | D:1      | mopl the Merfolk Skald began the quest for the Orb.
     0 | D:1      | Reached XP level 1. HP: 16/16 MP: 3/3
   160 | D:1      | Reached skill level 4 in Polearms
   160 | D:1      | Reached XP level 2. HP: 9/22 MP: 5/5
   735 | D:1      | Reached skill level 5 in Polearms
   735 | D:1      | Reached XP level 3. HP: 26/27 MP: 6/6
  1725 | D:3      | Reached skill level 6 in Polearms
  1736 | D:3      | Reached XP level 4. HP: 32/33 MP: 7/7
  1799 | D:3      | Noticed Jessica
  1831 | D:3      | Killed Jessica
  2252 | D:3      | Reached skill level 7 in Polearms
  2312 | D:3      | HP: 1/33 [poisoned by an adder]
  2312 | D:3      | Slain by an adder

Illustrated notes

Levels and vault maps discovered:
D:1:      tarquinn_simple_flora_water_a, layout_basic, minmay_pentomino_u4
D:2:      layout_basic, first_ration
D:3:      minmay_bubble_buster, layout_loops_ring,
          lemuel_zombie_altar_kikubaaqudgha, kennysheep_boxes,
          uniq_crazy_yiuf_cottage, uniq_jessica

Skill      XL: |  1  2  3  4 |
---------------+-------------+-----
Polearms       | 4 5 6 7 |  7.2
Fighting       | |  2.1
Armour         | |  0.6
Dodging        | |  2.6
Spellcasting   | |  2.0
Charms         | |  3.2

Action                   |  1- 3 |  4- 6 || total
-------------------------+-------+-------++-------
Melee: Spear             |   221 |    93 ||   314
Throw: Javelin           |       |     1 ||     1
  Use: Scroll            |     3 |       ||     3
       Potion            |       |     1 ||     1
 Stab: Sleeping          |     2 |       ||     2
  Eat: Chunk             |     3 |     2 ||     5
Armor: Leather armour    |    42 |    12 ||    54
Dodge: Dodged            |    90 |    49 ||   139
Block: Buckler           |    11 |     6 ||    17
